 Dungeon Crawl Stone Soup version 0.30-a0-141-g30f27751c5 (webtiles) character file.

Game seed: 14037897152317254586

232 qw the Chopper (level 6, -4/38 HPs)
             Began as a Gargoyle Fighter on Sept 25, 2022.
             Slain by an ogre
             ... wielding a +0 giant club
              (12 damage)
             ... on level 4 of the Dungeon.
             The game lasted 00:01:04 (3079 turns).

qw the Chopper (Gargoyle Fighter)                   Turns: 3079, Time: 00:01:05

Health: -4/38      AC: 14    Str: 22    XL:     6   Next: 4%
Magic:  6/6        EV:  9    Int:  8    God:
Gold:   198        SH:  4    Dex:  9    Spells: 5/5 levels left

rFire   . . .      SeeInvis +    Y - +0 war axe
rCold   . . .      Faith    .    c - +0 buckler
rNeg    + . .      Spirit   .    b - +0 scale mail
rPois   inf        Reflect  .    f - +0 helmet
rElec   +          Harm     .    i - +1 cloak
rCorr   .          Rampage  .    (no gloves)
Will    +....                    (no boots)
Stlth   ..........               (no amulet)
HPRegen 0.12/turn                l - ring of willpower
MPRegen 0.10/turn                m - ring of see invisible

@: no status effects
A: sickness immunity, AC +4, negative energy resistance 1, electricity
resistance, torment resistance 1, petrification resistance
a: no special abilities


You were on level 4 of the Dungeon.
You visited 1 branch of the dungeon, and saw 4 of its levels.

You collected 198 gold pieces.


Innate Abilities, Weirdness & Mutations

You are immune to sickness and miasma.
Your stone body is resilient. (AC +4)
You are immune to poison.
You resist negative energy. (rN+)
You are resistant to electric shocks. (rElec)
You are resistant to unholy torment.
You are immune to petrification.


   Skills:
 - Level 4.2 Fighting
 - Level 5.1 Axes
 - Level 3.2 Armour
 + Level 0.0 Dodging
 - Level 3.2 Shields


You had 5 spell levels left.
You didn't know any spells.
Your spell library was empty.

Inventory:

Hand Weapons
 a - a +2 flail of protection
 Y - a +0 war axe (weapon)
Armour
 b - a +0 scale mail (worn)
 c - a +0 buckler (worn)
 f - a +0 helmet (worn)
 i - a +1 cloak (worn)
Jewellery
 l - a ring of willpower (left hand)
 m - a ring of see invisible (right hand)
Scrolls
 g - 2 scrolls of identify
Potions
 d - a potion of might
 h - 2 potions of mutation
 j - 3 potions of curing
 k - a potion of attraction

Dungeon Overview and Level Annotations

Branches:
Dungeon (4/15)
 Temple: D:4-7

Altars:

Annotations:
D:2 1 runed translucent door, Crazy Yiuf


Message History

The iguana is severely wounded.
You block the iguana's attack.
You barely miss the iguana.
The iguana is severely wounded.
The iguana bites you.
An ogre comes into view. It is wielding a +0 giant club.
The iguana bites you but does no damage.
You barely miss the iguana.
The iguana is severely wounded.
The ogre shouts!
You block the iguana's attack.
You closely miss the iguana.
The iguana is severely wounded.
The iguana bites you but does no damage.
You hit the iguana but do no damage.
The iguana is severely wounded.
The iguana bites you. x2
You hit the iguana but do no damage.
The iguana is severely wounded.
You slash the ogre! The ogre hits you with a +0 giant club.
The iguana barely misses you.
You hit the iguana.
You kill the iguana!
You slash the ogre!
A kobold comes into view. It is wielding a +0 dagger.
The giant cockroach closely misses you. The ogre barely misses you.
Your Fighting skill increases to level 4!
You have reached level 6!
You hit the ogre but do no damage.
The ogre is heavily wounded.
You hit the giant cockroach.
The giant cockroach bites you but does no damage. x2
The ogre hits you with a +0 giant club!
You hit the giant cockroach.
You kill the giant cockroach!
You hit the ogre but do no damage. You hit the ogre but do no damage.
The ogre is heavily wounded.
The ogre hits you with a +0 giant club!
You die...

###########
#...#<....#
#.#.#####.#
#.........#
###.#######
#.# #.# #@#
#.....%O#
#...#..##
## #.. ..K
.... ##.##
..


You could see an ogre and a kobold.

Vanquished Creatures
  An ogre (D:3)
  An iguana (D:4)
  Robin (D:2)
  2 adders
  A dart slug (D:2)
  6 orcs (D:3)
  2 ball pythons
  6 endoplasms
  5 giant cockroaches
  12 goblins
  16 hobgoblins
  4 quokkas
  5 bats
  6 frilled lizards
  4 kobolds
  3 rats
75 creatures vanquished.

Notes
Turn   | Place    | Note
-------+----------+-------------------------------------------
     0 | D:1      | qw the Gargoyle Fighter began the quest for the Orb.
     0 | D:1      | Reached XP level 1. HP: 14/14 MP: 1/1
     0 | D:1      | 0 ||| qw: Version: 0.2-a-10-g399e6c4
     0 | D:1      | 0 ||| qw: Game counter: 338
     0 | D:1      | 0 ||| qw: Always use a shield: true
     0 | D:1      | 0 ||| qw: God list: Okawaru
     0 | D:1      | 0 ||| qw: Allow faded altars: false
     0 | D:1      | 0 ||| qw: Do Orc after D:15 true
     0 | D:1      | 0 ||| qw: Do second Lair branch before Depths: true
     0 | D:1      | 0 ||| qw: Lair rune preference: random
     0 | D:1      | 0 ||| qw: Plans: Normal, Zot:1-4, God:TSO, Crypt, Tomb,
                  | Pan, Slime:5, Hells, Abyss, Orb
     0 | D:1      | 0 ||| PLANNING D:1-11
    22 | D:1      | Reached skill level 2 in Axes
   276 | D:1      | Reached XP level 2. HP: 19/19 MP: 2/2
   810 | D:1      | 810 ||| UPGRADING to +1 cloak.
   815 | D:1      | 815 ||| DROPPING orb of mayhem.
   816 | D:1      | 816 ||| READING scroll labelled FIZUKE ZOAPRI.
   817 | D:1      | 817 ||| READING 4 scrolls labelled VAINAC XIACIS.
   818 | D:1      | 818 ||| READING scroll labelled MOFUUG LEYMA.
   819 | D:1      | 819 ||| READING 3 scrolls of identify.
   819 | D:1      | 819 ||| IDENTIFYING ruby potion
   887 | D:2      | 887 ||| DROPPING +0 whip.
   949 | D:2      | Reached skill level 3 in Axes
  1003 | D:2      | Reached XP level 3. HP: 23/23 MP: 3/3
  1019 | D:2      | 1019 ||| Stepping ~*~*~tactically~*~*~ (stealth).
  1021 | D:2      | 1021 ||| Stepping ~*~*~tactically~*~*~ (stealth).
  1023 | D:2      | 1023 ||| Stepping ~*~*~tactically~*~*~ (stealth).
  1078 | D:2      | Noticed Robin
  1079 | D:2      | 1079 ||| Stepping ~*~*~tactically~*~*~ (stealth).
  1081 | D:2      | 1081 ||| Stepping ~*~*~tactically~*~*~ (hiding).
  1083 | D:2      | 1083 ||| Stepping ~*~*~tactically~*~*~ (hiding).
  1099 | D:2      | Killed Robin
  1469 | D:2      | 1469 ||| Stepping ~*~*~tactically~*~*~ (stealth).
  1477 | D:2      | Reached XP level 4. HP: 28/28 MP: 4/4
  1520 | D:2      | Found a runed translucent door.
  1521 | D:2      | Noticed Crazy Yiuf
  1596 | D:2      | Reached skill level 4 in Axes
  1732 | D:2      | 1732 ||| Stepping ~*~*~tactically~*~*~ (stealth).
  1977 | D:2      | 1977 ||| UPGRADING to +0 helmet.
  1982 | D:2      | 1982 ||| DROPPING ring of flight.
  1983 | D:2      | 1983 ||| UPGRADING to ring of willpower.
  1984 | D:2      | 1984 ||| UPGRADING to ring of see invisible.
  1985 | D:2      | 1985 ||| READING scroll labelled GIEZUPLYRE.
  1986 | D:2      | 1986 ||| READING scroll labelled CAOMUR JIOL.
  1987 | D:2      | 1987 ||| READING scroll labelled PILUFIFEIM.
  2053 | D:2      | 2053 ||| READING 4 scrolls of identify.
  2053 | D:2      | 2053 ||| IDENTIFYING glowing purple potion
  2133 | D:3      | Found a faded altar of an unknown god.
  2146 | D:3      | 2146 ||| Stepping ~*~*~tactically~*~*~ (stealth).
  2359 | D:3      | Noticed an ogre
  2364 | D:3      | Killed an ogre
  2365 | D:3      | Reached skill level 5 in Axes
  2365 | D:3      | Reached XP level 5. HP: 24/32 MP: 5/5
  2515 | D:3      | 2515 ||| Stepping ~*~*~tactically~*~*~ (hiding).
  2518 | D:3      | 2518 ||| Stepping ~*~*~tactically~*~*~ (hiding).
  3019 | D:3      | 3019 ||| DROPPING amulet of faith.
  3020 | D:3      | 3020 ||| DRINKING 2 fuming clear potions.
  3021 | D:3      | 3021 ||| READING 3 scrolls of identify.
  3021 | D:3      | 3021 ||| IDENTIFYING coppery potion
  3022 | D:3      | 3022 ||| DROPPING potion of degeneration.
  3071 | D:4      | Noticed an ogre
  3077 | D:4      | Reached XP level 6. HP: 22/38 MP: 6/6
  3077 | D:4      | HP: 7/38 [ogre/+0 giant club (15)]
  3079 | D:4      | Slain by an ogre

Levels and vault maps discovered:
D:1:      minmay_arrival_plants_in_alcoves, layout_loops_ring
D:2:      minmay_alternating_diamond, layout_loops_ring, moated_statue,
          uniq_crazy_yiuf_cottage, uniq_robin
D:3:      layout_basic, hellmonk_ecumenical_altar_lost_god
D:4:      layout_basic, uniq_sigmund

Skill      XL: |  1  2  3  4  5 |
---------------+----------------+-----
Axes           | 2 3 5 |  5.1
Fighting       | 4 |  4.2
Armour         | |  3.2
Shields        | |  3.2

Action                   |  1- 3 |  4- 6 || total
-------------------------+-------+-------++-------
Melee: War axe           |   119 |    96 ||   215
  Use: Scroll            |     4 |     5 ||     9
       Potion            |       |     1 ||     1
Armor: Scale mail        |    83 |    33 ||   116
Dodge: Dodged            |    66 |    31 ||    97
Block: Buckler           |    16 |    19 ||    35

Table legend:
 A = Non-vault XP
 B = Vault XP
 C = Vault XP percentage of total XP
 D = Non-vault monster count
 E = Vault monster count
 F = Vault count percentage of total count
                 A         B        C        D         E       F
            +---------+---------+-------+---------+---------+-------
      Total |     289 |      43 |  13.0 |      58 |      17 |  22.7
            +---------+---------+-------+---------+---------+-------
        D:1 |      28 |       0 |   0.0 |      17 |       0 |   0.0
        D:2 |      40 |      43 |  51.8 |      15 |      17 |  53.1
        D:3 |     180 |       0 |   0.0 |      24 |       0 |   0.0
        D:4 |      41 |       0 |   0.0 |       2 |       0 |   0.0
            +---------+---------+-------+---------+---------+-------
